 Dungeon Crawl Stone Soup version 0.27.1-34-g3ba077fa99 (webtiles) character file.

Game seed: 14577900577248565022

28 Glamhuggeren the Slasher (level 2, -2/22 HPs)
             Began as a Demonspawn Gladiator on Jan 23, 2022.
             Slain by Sigmund (7 damage)
             ... on level 2 of the Dungeon.
             The game lasted 00:03:50 (1294 turns).

Glamhuggeren the Slasher (Demonspawn Gladiator)     Turns: 1294, Time: 00:03:51

Health: -2/22      AC:  4    Str: 14    XL:     2   Next: 96%
Magic:  2/2        EV: 12    Int:  9    God:
Gold:   41         SH:  0    Dex: 14    Spells: 1/1 levels left

rFire    . . .     SeeInvis .   a - +2 mace (vorpal)
rCold    . . .     Faith    .   (no shield)
rNeg     . . .     Spirit   .   b - +0 leather armour
rPois    .         Reflect  .   c - +0 helmet
rElec    .         Harm     .   (no cloak)
rCorr    .         Rampage  .   (no gloves)
Will     .....                  (no boots)
Stlth    +.........             (no amulet)
HPRegen  0.07/turn              (no ring)
MPRegen  0.08/turn              (no ring)

@: lethally poisoned (-2 -> -7)
A: powered by death 1
a: no special abilities


You were on level 2 of the Dungeon.
You visited 1 branch of the dungeon, and saw 2 of its levels.

You collected 41 gold pieces.

Inventory:

Hand Weapons
 a - a +2 vorpal mace (weapon)
 h - a +0 long sword
Missiles
 d - 2 throwing nets (quivered)
 e - 18 poisoned darts
 g - 43 stones
Armour
 b - a +0 leather armour (worn)
 c - a +0 helmet (worn)
Scrolls
 j - a scroll of brand weapon {unknown}
 m - a scroll of vulnerability {unknown}
Potions
 f - a potion of ambrosia {unknown}
 i - 2 potions of might {unknown}
 k - a potion of berserk rage {unknown}
 l - a potion of haste {unknown}


   Skills:
 - Level 2.0 Fighting
 - Level 3.4 Long Blades
 + Level 1.2 Maces & Flails
 - Level 1.7 Throwing
 - Level 2.6 Dodging


You had one spell level left.
You didn't know any spells.
Your spell library was empty.

Dungeon Overview and Level Annotations

Branches:
Dungeon (2/15)

Altars:

Annotations:
D:2 Sigmund


Innate Abilities, Weirdness & Mutations

You regenerate a little health from kills.


Message History

You hit the goblin.
You kill the goblin!
No target in view!
No target in view!
No target in view!
No target in view!
You see here a +0 dagger.
You open the door.
A kobold and Sigmund come into view.
Sigmund is wielding a +2 scythe of venom.
Sigmund shouts!
The kobold shouts!
Sigmund is suddenly surrounded by pale red light.
Sorry, you're not good enough to have a special ability.
Throw: 3 throwing nets
Press: ? - help, Q - select action, (/) - cycle Shift-Dir - straight line, f - Sigmund
Aim: Sigmund, wielding a +2 scythe of venom and wearing a +0 robe (55% to hit)
You throw a throwing net. The throwing net hits Sigmund.
Sigmund is caught in the net!
Sigmund casts a spell.
Sigmund flickers and vanishes!
Deactivating autopickup; reactivate with Ctrl-A.
Something wriggles in the net.
You completely miss something.
Something wriggles in the net.
You closely miss something.
Something wriggles in the net.
The kobold hits you with a +0 whip.
Something wriggles in the net.
You thump something! The kobold misses you.
Something wriggles in the net.
All of a sudden the net rips apart!
You closely miss something. The kobold completely misses you.
Something hits you.
You are poisoned.
You closely miss something.
You feel very sick. The kobold hits you with a +0 whip. Something hits you.
The kobold hits you but does no damage.
You closely miss something.
* * * LOW HITPOINT WARNING * * *
You feel sick. The kobold hits you with a +0 whip.
* * * LOW HITPOINT WARNING * * *
Something hits you!
You die...

##################.
#>....)............
#.#########.#######
#.# #.# #.# #@##
#.# #{K# #.# ##'#
#.# ... #.# ....#
#.# ...... #.#
.......# #.#
#######.# #.# .#


You could see a kobold.

Vanquished Creatures
  3 endoplasms
  2 giant cockroaches (D:1)
  2 hobgoblins
  A quokka (D:1)
  A bat (D:1)
  2 frilled lizards (D:1)
  6 goblins
  4 kobolds (D:1)
  4 rats (D:1)
25 creatures vanquished.

Notes
Turn   | Place    | Note
-------+----------+-------------------------------------------
     0 | D:1      | Glamhuggeren the Demonspawn Gladiator began the quest for
                  | the Orb.
     0 | D:1      | Reached XP level 1. HP: 16/16 MP: 1/1
    49 | D:1      | Reached skill level 3 in Long Blades
   322 | D:1      | Gained mutation: You regenerate a little health from kills.
                  | [demonic ancestry]
   322 | D:1      | Reached XP level 2. HP: 22/22 MP: 2/2
   956 | D:2      | Reached skill level 1 in Maces & Flails
  1284 | D:2      | Noticed Sigmund
  1294 | D:2      | Slain by Sigmund

Illustrated notes

Levels and vault maps discovered:
D:1:      amcnicky_arrival_underground_garden, layout_rooms
D:2:      layout_basic, hellmonk_ecumenical_altar_crossroads, uniq_robin,
          uniq_sigmund

Skill      XL: |  1  2 |
---------------+-------+-----
Long Blades    | 3 |  3.4
Maces & Flails | 1 |  1.2
Fighting       | |  2.0
Throwing       | |  1.7
Dodging        | |  2.6

Action                   || total
-------------------------++-------
Melee: Long sword        ||    39
       Mace              ||    43
Throw: Throwing net      ||     1
 Stab: Sleeping          ||     1
Armor: Leather armour    ||    23
Dodge: Dodged            ||    56
       Rpst.: Long sword ||     6
